 Dungeon Crawl Stone Soup version 0.30-a0-802-gb92711bcdf (webtiles) character file.

Game seed: 3212839173878434433

70 cforsyth the Sneak (level 4, -1/27 HPs)
             Began as a Kobold Brigand on Feb 25, 2023.
             Succumbed to a kobold brigand's poison
             ... on level 3 of the Dungeon.
             The game lasted 00:01:42 (1724 turns).

cforsyth the Sneak (Kobold Brigand)                 Turns: 1724, Time: 00:01:43

Health: -1/27      AC:  3    Str:  8    XL:     4   Next: 45%
Magic:  4/4        EV: 15    Int: 12    God:
Gold:   236        SH:  0    Dex: 18    Spells: 3/3 levels left

rFire   . . .      SeeInvis .    a - +2 dagger
rCold   . . .      Faith    .    (no shield)
rNeg    . . .      Spirit   .    b - +0 robe
rPois   .          Reflect  .    (no helmet)
rElec   .          Harm     .    c - +0 cloak
rCorr   .          Rampage  .    (no gloves)
Will    .....                    (no boots)
Stlth   ++++                     (no amulet)
HPRegen 0.24/turn                (no ring)
MPRegen 0.09/turn                (no ring)

@: lethally poisoned (-1 -> -22), hasted, very quick
A: small, no large weapons, nightstalker 3
a: no special abilities


You were on level 3 of the Dungeon.
You visited 1 branch of the dungeon, and saw 3 of its levels.

You collected 236 gold pieces.

Inventory:

Hand Weapons
 a - a +2 dagger (weapon)
Missiles
 d - 14 poisoned darts (quivered)
 e - 3 curare-tipped darts
Armour
 b - a +0 robe (worn)
 c - a +0 cloak (worn)
Scrolls
 g - 4 scrolls of identify {unknown}
 j - 2 scrolls of teleportation {unknown}
 l - a scroll of fog {unknown}
 n - a scroll of amnesia {unknown}
Potions
 f - a potion of curing {unknown}
 h - a potion of haste
 i - a potion of resistance {unknown}
 k - a potion of brilliance {unknown}
 m - a potion of mutation {unknown}


   Skills:
 + Level 2.9 Fighting
 + Level 3.8 Short Blades
 - Level 2.1 Throwing
 + Level 2.4 Dodging
 + Level 6.0 Stealth


You had 3 spell levels left.
You didn't know any spells.
Your spell library contained the following spells:

 Spells                   Type           Power      Damage    Failure   Level
 Inner Flame              Hex/Fire       0%         N/A       69%         3
 Cause Fear               Hex            0%         N/A       97%         4
 Discord                  Hex            0%         N/A       100%        8


Dungeon Overview and Level Annotations

Branches:
Dungeon (3/15)

Altars:


Innate Abilities, Weirdness & Mutations

You are small and have problems with some larger weapons.
You are completely attuned to the shadows.


Message History

The kobold completely misses you.
You closely miss the kobold.
The kobold is moderately wounded.
A kobold brigand comes into view.
It is wielding a +3 dagger of venom and quivering curare-tipped darts.
The kobold hits you but does no damage.
You closely miss the kobold. You hit the kobold.
You kill the kobold!
Things that are here:
a +0 dagger; a kobold corpse You hit the kobold brigand.
The kobold brigand is lightly wounded.
The kobold brigand hits you with a +3 dagger of venom.
You are poisoned.
You hit the kobold brigand but do no damage.
The kobold brigand is lightly wounded.
You feel very sick.
A hobgoblin comes into view. It is wielding a +0 club.
The kobold brigand closely misses you.
The hobgoblin shouts!
You hit the kobold brigand.
The kobold brigand is lightly wounded.
You feel sick.
The kobold brigand completely misses you.
You hit the kobold brigand.
The kobold brigand is moderately wounded.
You feel sick.
The kobold brigand completely misses you.
You barely miss the kobold brigand.
The kobold brigand is lightly wounded.
You feel sick.
You closely miss the kobold brigand.
The kobold brigand is lightly wounded.
You feel sick.
The kobold brigand hits you with a +3 dagger of venom!
* * * LOW HITPOINT WARNING * * *
You are more poisoned.
You are too injured to fight recklessly!
It was a potion of haste.
You feel yourself speed up.
You die...

..#.#.#..<...P...P#
#.#.....#####PPPPP#
#.....#.# ###.[.#
#..####.# #..##
..## #.# #..#
#######.# #..#
>.......# ###..
##......##
#..)###..
##.....#^#
#.#.@K.....
##.....<#
#..).g.####
##......#
#...####≈≈≈
...######
#.###~~~~≈~ ####
####.####~~~~~ #
.......)...~~~
######.#
###..######### #..
....####..##
#.####..#........


You could see a kobold brigand and a hobgoblin.

Vanquished Creatures
  2 adders
  4 bats
  4 endoplasms
  2 giant cockroaches (D:1)
  4 goblins
  6 hobgoblins
  4 jackals (D:1)
  8 kobolds
  A quokka (D:2)
  3 ball pythons
  4 frilled lizards
  3 rats
45 creatures vanquished.

Vanquished Creatures (others)
  A fungus (D:3)
  5 toadstools (D:3)
6 creatures vanquished.

Grand Total: 51 creatures vanquished

Notes
Turn   | Place    | Note
-------+----------+-------------------------------------------
     0 | D:1      | cforsyth the Kobold Brigand began the quest for the Orb.
     0 | D:1      | Reached XP level 1. HP: 12/12 MP: 1/1
    85 | D:1      | Reached XP level 2. HP: 7/18 MP: 2/2
   535 | D:1      | Reached XP level 3. HP: 22/22 MP: 3/3
   860 | D:1      | You fall into a shaft and drop 1 floor!
  1283 | D:2      | Reached XP level 4. HP: 27/27 MP: 4/4
  1510 | D:3      | Noticed a golden eye
  1511 | D:3      | Found a faded altar of an unknown god.
  1511 | D:3      | Noticed an eye of devastation
  1514 | D:3      | Noticed a golden eye
  1514 | D:3      | Noticed a golden eye
  1658 | D:3      | Reached skill level 6 in Stealth
  1714 | D:3      | Noticed a kobold brigand
  1724 | D:3      | Succumbed to a kobold brigand's poison

Illustrated notes

Levels and vault maps discovered:
D:1:      dpeg_arrival_rhombus, layout_basic
D:2:      layout_rooms
D:3:      cheibrodos_thug_alley, layout_loops_cross,
          hellmonk_ecumenical_altar_watching_god, minmay_gold_behind_fungi,
          uniq_ijyb

Skill      XL: |  1  2  3  4 |
---------------+-------------+-----
Short Blades   | 3 |  3.8
Dodging        | 2 |  2.4
Stealth        | 6 |  6.0
Fighting       | |  2.9
Throwing       | |  2.1

Action                     |  1- 3 |  4- 6 || total
---------------------------+-------+-------++-------
  Melee: Dagger            |    71 |    55 ||   126
    Use: Potion            |       |     1 ||     1
   Stab: Sleeping          |    23 |     2 ||    25
         Distracted        |       |     1 ||     1
 Armour: Robe              |    13 |     7 ||    20
  Dodge: Dodged            |    40 |    20 ||    60

Table legend: (Time is in decaauts)
 A = Elapsed time spent in this place.
 B = Non-inter-level travel time spent in this place.
 C = Inter-level travel time spent in this place.
 D = Time resting spent in this place.
 E = Time spent auto-exploring this place.
 F = Levels seen in this place.
 G = Mean time per level.
                   A        B        C        D        E       F      G
               +--------+--------+--------+--------+--------+-----+--------+
         Total |   1703 |   1668 |     35 |      0 |   1352 |   3 |  567.7 |
       Dungeon |   1703 |   1668 |     35 |      0 |   1352 |   3 |  567.7 |
               +--------+--------+--------+--------+--------+-----+--------+

Top non-repeatable levels by time:
     D:1: 901 daAuts
     D:2: 539 daAuts
     D:3: 262 daAuts
